 Dungeon Crawl Stone Soup version 0.30-a0-462-gd5975efbca (webtiles) character file.

Game seed: 14357906836765531266

6 zishaf the Gusty (level 1, -1/11 HPs)
             Began as a Tengu Air Elementalist on Dec 16, 2022.
             Slain by a kobold
             ... wielding a +4 dagger
              (6 damage)
             ... on level 1 of the Dungeon.
             The game lasted 00:00:26 (236 turns).

zishaf the Gusty (Tengu Air Elementalist)            Turns: 236, Time: 00:00:27

Health: -1/11      AC:  2    Str:  8    XL:     1   Next: 90%
Magic:  1/4        EV: 12    Int: 15    God:
Gold:   14         SH:  0    Dex: 14    Spells: 3/4 levels left

rFire   . . .      SeeInvis .    (no weapon)
rCold   . . .      Faith    .    (no shield)
rNeg    . . .      Spirit   .    a - +0 robe
rPois   .          Reflect  .    (helmet restricted)
rElec   .          Harm     .    (no cloak)
rCorr   .          Rampage  .    (no gloves)
Will    .....                    (boots unavailable)
Stlth   ++........               (no amulet)
HPRegen 0.21/turn                (no ring)
MPRegen 0.09/turn                (no ring)

@: no status effects
A: beak, talons 3
a: no special abilities


You were on level 1 of the Dungeon.
You visited 1 branch of the dungeon, and saw 1 of its levels.

You collected 14 gold pieces.

Inventory:

Armour
 a - a +0 robe (worn)
Scrolls
 c - a scroll of magic mapping {unknown}
 d - a scroll of identify {unknown}
 e - a scroll of blinking {unknown}
Potions
 b - a potion of magic


   Skills:
 + Level 0.6 Fighting
 - Level 2.1 Dodging
 - Level 2.0 Stealth
 - Level 2.0 Spellcasting
 + Level 1.8 Conjurations
 + Level 4.2 Air Magic


You had 3 spell levels left.
You knew the following spells:

 Your Spells              Type           Power      Damage    Failure   Level
a - Shock                 Conj/Air       40%        1d5       6%          1

Your spell library contained the following spells:

 Spells                   Type           Power      Damage    Failure   Level
 Static Discharge         Conj/Air       20%        2-3/arc   10%         2
 Swiftness                Air            14%        N/A       12%         3
 Airstrike                Air            7%         2d(1-17)  36%         4


Dungeon Overview and Level Annotations

Branches:
Dungeon (1/15)

Altars:


Innate Abilities, Weirdness & Mutations

You have a beak for a mouth.
You have claws for feet.


Message History

Confirm with . or Enter, or press ? or * to list all spells.
You can't see any susceptible monsters within range! (Use Z to cast anyway.)
An endoplasm comes into view.
Casting: Shock (safe; 7% risk of failure)
Confirm with . or Enter, or press ? or * to list all spells.
Aiming: Shock (safe; 7% risk of failure)
Press: ? - help, Shift-Dir - straight line, f - endoplasm
Aim: an endoplasm (wandering, hasn't noticed you, 97% to hit)
The zap misses the endoplasm.
Casting: Shock (safe; 7% risk of failure)
Confirm with . or Enter, or press ? or * to list all spells.
You don't have enough magic to cast this spell.
Casting: Shock (safe; 7% risk of failure)
Confirm with . or Enter, or press ? or * to list all spells.
You don't have enough magic to cast this spell.
A kobold comes into view. It is wielding a +4 dagger.
Found 5 stones.
The kobold shouts!
The kobold throws a stone.
The stone closely misses you. The endoplasm hits you.
You see here a scroll labelled EGYCUSESUE.
You hit the endoplasm.
The endoplasm is lightly wounded.
The endoplasm misses you.
You hit the endoplasm but do no damage.
You claw the endoplasm, but do no damage.
Your peck misses the endoplasm.
The endoplasm is lightly wounded.
The kobold hits you but does no damage. The endoplasm hits you.
You hit the endoplasm. You claw the endoplasm.
You kill the endoplasm!
The kobold hits you with a +4 dagger.
You are too injured to fight recklessly!
You are too injured to fight recklessly!
You are too injured to fight recklessly!
You are too injured to fight recklessly!
You hit the kobold but do no damage. Your kick misses the kobold.
The kobold hits you with a +4 dagger.
Ouch! That really hurt!
You die...

.# #. .. #. #.# .##.
#..## ## ...#####.#. .
..#.. ..##..# ... ...
#.##..# #
.(#..#K##.##..##.#
......)@.........#
..............####
.......##.##..#
##.#.#.##.##..##########
#. #.#(............)....
. . ...........########
.## .#########..# #
#...+#.......##..### #
#.. #.#######.##...# #


You could see a kobold.

Vanquished Creatures
  An endoplasm (D:1)
  2 kobolds (D:1)
  A quokka (D:1)
  A frilled lizard (D:1)
  A rat (D:1)
6 creatures vanquished.

Notes
Turn   | Place    | Note
-------+----------+-------------------------------------------
     0 | D:1      | zishaf the Tengu Air Elementalist began the quest for the
                  | Orb.
     0 | D:1      | Reached XP level 1. HP: 10/10 MP: 4/4
   236 | D:1      | Slain by a kobold

Illustrated notes

Levels and vault maps discovered:
D:1:      evilmike_arrival_rings, layout_loops_ring, minmay_indecisive_spiral

Action                   || total
-------------------------++-------
Melee: Unarmed           ||     6
       Kick              ||     3
 Cast: Shock             ||    12
Armor: Robe              ||     1
Dodge: Dodged            ||     4

Table legend: (Time is in decaauts)
 A = Elapsed time spent in this place.
 B = Non-inter-level travel time spent in this place.
 C = Inter-level travel time spent in this place.
 D = Time resting spent in this place.
 E = Time spent auto-exploring this place.
 F = Levels seen in this place.
 G = Mean time per level.
                   A        B        C        D        E       F      G
               +--------+--------+--------+--------+--------+-----+--------+
         Total |    236 |    236 |      0 |      0 |    198 |   1 |  236.0 |
       Dungeon |    236 |    236 |      0 |      0 |    198 |   1 |  236.0 |
               +--------+--------+--------+--------+--------+-----+--------+

Top non-repeatable levels by time:
     D:1: 236 daAuts
